 Dungeon Crawl Stone Soup version 0.16-a0-3159-ge6ac362 (webtiles) character file.

225 topherade the Bolt Thrower (level 5, -1/45 HPs)
             Began as a Deep Dwarf Hunter on Sept 20, 2015.
             Slain by RepHenryClay's ghost (3 damage)
             ... in a bailey.
             The game lasted 00:27:29 (2229 turns).

topherade the Bolt Thrower (Deep Dwarf Hunter)      Turns: 2229, Time: 00:27:29

Health: -1/45      AC: 14    Str: 15    XL:     5   Next: 68%
Magic:  5/5        EV:  5    Int: 12    God:
Gold:   92         SH:  0    Dex: 14    Spells: 0 memorised, 4 levels left

rFire  . . .     SeeInvis .     b - +1 hand crossbow
rCold  . . .     Clarity  .     s - +0 plate armour
rNeg   . . .     SustAb   .     (no shield)
rPois  .         Gourm    .     q - +2 helmet
rElec  .         Spirit   .     (no cloak)
rCorr  .         Warding  .     (no gloves)
rMut   .         Stasis   .     (no boots)
MR     .....                    (no amulet)
Stlth  ..........               (no ring)
                                g - ring of flight {Help me}

@: non-regenerating, slowed, very slow, not resistant to hostile enchantments,
extremely unstealthy
A: damage resistance, recharge devices, sense surroundings 1, slow healing 3
a: Device Recharging, Evoke Flight


You were in a bailey.
You were not hungry.

You visited 1 branch of the dungeon, and saw 8 of its levels.
You also visited: Bailey.

You collected 92 gold pieces.

Inventory:

Hand weapons
 a - a +0 short sword
 b - a +1 hand crossbow (weapon)
 i - a +0 dagger
 j - a +0 club
 m - a cursed -3 short sword
 o - a +0 club
 w - a +0 long sword
Missiles
 c - 10 bolts (quivered)
 h - 16 poisoned needles
 l - 17 arrows
Armour
 d - a +0 leather armour
 p - a +0 ring mail
 q - a +2 helmet (worn)
 s - a +0 plate armour (worn)
Jewellery
 g - a ring of flight (left hand) {Help me}
Magical devices
 e - a wand of heal wounds (3)
 u - a wand of random effects (22)
Scrolls
 k - a scroll of magic mapping {unknown}
 r - a scroll of blinking {unknown}
 t - a scroll of identify {unknown}
Potions
 v - a potion of invisibility {unknown}
Comestibles
 f - 2 bread rations
 n - 2 meat rations


   Skills:
 + Level 2.2 Fighting
 + Level 6.5 Crossbows
 + Level 2.6 Armour
 + Level 2.7 Dodging
 + Level 1.5 Stealth


You had 4 spell levels left.
You didn't know any spells.

Dungeon Overview and Level Annotations

Branches:
Dungeon (8/15)
 Temple: D:4-7         Lair: D:8-11

Altars:
Fedhas
Kikubaaqudgha
Vehumet

Annotations:
Bailey RepHenryClay's ghost, powerful SaGl


Innate Abilities, Weirdness & Mutations

You are resistant to damage.
You can recharge devices by infusing magical energy.
You passively map a small area around you.
You do not heal naturally.


Message History

You kill the deep elf fighter!
Your Crossbows skill increases to level 6!
Your Armour skill increases to level 2!
You have reached level 5!
RepHenryClay's ghost hits you! RepHenryClay's ghost freezes you.
Things that are here:
a bolt; a long sword; a buckler
w - a long sword;
c - 10 bolts (gained 1) RepHenryClay's ghost hits you!
* * * LOW HITPOINT WARNING * * *
RepHenryClay's ghost freezes you.
* * * LOW HITPOINT WARNING * * *
Zapping:
e - a wand of heal wounds (4)
Press: ? - help, Shift-Dir - straight line, f - you You feel much better.
This wand has 3 charges left.
RepHenryClay's ghost hits you but does no damage.
RepHenryClay's ghost hits you!!
* * * LOW HITPOINT WARNING * * *
RepHenryClay's ghost freezes you.
You die...

#####
*##.(.##
## #..∩..#
.##
#.....#
...# * ,,
##...##
...#
####'##..#
*##.(.##
#..@..# ,
* ,
#..W..#
#..(..# ,
, ,
#...(## ,
#'##### *
..# ,, *
,, ... , *
. *


You could see RepHenryClay's ghost.

Vanquished Creatures
  A deep elf fighter (Bailey)
  A hound (D:5)
  Jessica (D:2)
  A ball python (D:1)
  6 hobgoblins
  10 jackals
  A quokka (D:6)
  5 bats
  3 giant newts
  A giant spore (D:7)
  7 goblins
  4 kobolds
  5 rats
46 creatures vanquished.

Notes
Turn   | Place    | Note
--------------------------------------------------------------
     0 | D:1      | topherade, the Deep Dwarf Hunter, began the quest for the Orb.
     0 | D:1      | Reached XP level 1. HP: 19/19 MP: 1/1
   216 | D:1      | Reached XP level 2. HP: 21/26 MP: 2/2
   517 | D:1      | Reached skill level 5 in Crossbows
   833 | D:2      | Found an ancient bone altar of Kikubaaqudgha.
   838 | D:2      | Found a radiant altar of Vehumet.
   986 | D:2      | Noticed Jessica
   989 | D:2      | Killed Jessica
   989 | D:2      | Reached XP level 3. HP: 22/32 MP: 3/3
  1456 | D:4      | Found a blossoming altar of Fedhas.
  1565 | D:5      | Entered Level 5 of the Dungeon
  1568 | D:5      | Reached XP level 4. HP: 26/39 MP: 4/4
  1580 | D:5      | Reached skill level 1 in Armour
  1647 | D:6      | Noticed an ogre
  2156 | D:7      | Noticed an orc warrior
  2180 | D:8      | Found a flagged portal.
  2204 | Bailey   | Entered a bailey
  2212 | Bailey   | Noticed a deep elf fighter
  2224 | Bailey   | Noticed RepHenryClay's ghost (powerful SaGl)
  2226 | Bailey   | Killed a deep elf fighter
  2226 | Bailey   | Reached skill level 6 in Crossbows
  2226 | Bailey   | Reached XP level 5. HP: 28/45 MP: 5/5
  2228 | Bailey   | HP: 1/45 [RepHenryClay's ghost (2)]
  2229 | Bailey   | Slain by RepHenryClay's ghost

Action                   |  1- 3 |  4- 6 || total
-------------------------+-------+-------++-------
 Fire: Hand crossbow     |    78 |    36 ||   114
Evoke: Wand              |       |     2 ||     2
  Eat: Bread ration      |     1 |       ||     1
